 Dungeon Crawl Stone Soup version 0.30.0-19-g36f170ea60 (webtiles) character file.

Game seed: 4038243332192484790

2 ChrisAssaf the Charlatan (level 1, 17/17 HPs)
             Began as a Gnoll Artificer on May 26, 2023.
             Was a Follower of Okawaru.
             Quit the game on level 1 of the Dungeon.
             The game lasted 00:00:23 (186 turns).

ChrisAssaf the Charlatan (Gnoll Artificer)           Turns: 186, Time: 00:00:24

Health: 17/17      AC:  3    Str: 11    XL:     1   Next: 40%
Magic:  1/1        EV: 12    Int: 10    God:    Okawaru [*.....]
Gold:   9          SH:  0    Dex: 12    Spells: 0/0 levels left

rFire   . . .        a - +0 club
rCold   . . .        (no shield)
rNeg    . . .        b - +0 leather armour
rPois   .            (no helmet)
rElec   .            (no cloak)
rCorr   .            (no gloves)
SInv    .            (no boots)
Will    .....        (no amulet)
Stlth   ++           (no ring)
HPRegen 0.22/turn    (no ring)
MPRegen 0.07/turn

%: no passive effects
@: no status effects
A: fangs 1, strong nose, distributed training
a: Renounce Religion, Heroism


You were on level 1 of the Dungeon.
You worshipped Okawaru.
Okawaru was aware of your devotion.
You visited 1 branch of the dungeon, and saw 1 of its levels.

You collected 9 gold pieces.

Inventory:

Hand Weapons
 a - a +0 club (weapon)
Armour
 b - a +0 leather armour (worn)
Wands
 c - a wand of flame (15) (quivered)
 d - a wand of charming (15)
 e - a wand of iceblast (5)
Scrolls
 f - a scroll of identify {unknown}
 g - a scroll of teleportation {unknown}


   Skills:
 + Level 2.3 Fighting
 + Level 0.0 Short Blades
 + Level 0.0 Long Blades
 + Level 0.0 Axes
 + Level 0.0 Maces & Flails
 + Level 0.0 Polearms
 + Level 0.0 Staves
 + Level 0.0 Ranged Weapons
 + Level 0.0 Throwing
 + Level 4.4 Armour
 + Level 2.3 Dodging
 + Level 2.1 Stealth
 + Level 0.0 Shields
 + Level 0.0 Unarmed Combat
 + Level 0.0 Spellcasting
 + Level 0.0 Conjurations
 + Level 0.0 Hexes
 + Level 0.0 Summonings
 + Level 0.0 Necromancy
 + Level 0.0 Translocations
 + Level 0.0 Transmutations
 + Level 0.0 Fire Magic
 + Level 0.0 Ice Magic
 + Level 0.0 Air Magic
 + Level 0.0 Earth Magic
 + Level 0.0 Poison Magic
 + Level 0.1 Invocations
 + Level 6.4 Evocations


You couldn't memorise any spells.
You didn't know any spells.
Your spell library was empty.

Dungeon Overview and Level Annotations

Branches:
Dungeon (1/15)

Altars:
Okawaru


Innate Abilities, Weirdness & Mutations

You have very sharp teeth.
Your uncanny sense of smell can sniff out nearby items.
Your experience applies equally to all skills.


Message History

The slug dart misses you.
The dart slug bites you but does no damage.
The dart slug bites you but does no damage.
You completely miss the dart slug. The dart slug barely misses you.
You completely miss the dart slug. The dart slug launches a dart at you.
The slug dart misses you.
You hit the dart slug.
The dart slug is moderately wounded.
The dart slug bites you.
You barely miss the dart slug.
The dart slug is moderately wounded.
You hit the dart slug.
The dart slug is heavily wounded.
The dart slug barely misses you.
You hit the dart slug.
The dart slug is severely wounded.
The dart slug closely misses you.
You hit the dart slug.
You kill the dart slug!
You see here a dart slug corpse.
You open the door.
There is an open door here.
You open the door.
Found a faded altar of an unknown god.
There is an open door here.
There is a faded altar of an unknown god here.
This altar belongs to (a) Trog, (b) Okawaru or (c) Makhleb, but you can't tell which.
Press the corresponding letter to learn more about a god, or press enter to convert or escape to cancel.
Okawaru accepts your prayer! Okawaru welcomes you!
You can now gain great but temporary skills.
You open the door.
There is an open door here.
You open the door.
There is an open door here.
A ball python comes into view.
Found a bubbling purple potion.
The ball python hisses angrily.
A bat comes into view.
Are you sure you want to abandon this character and quit the game? (Confirm with "yes".)

#§≈≈#§≈≈#≈§.#
#§≈≈#≈≈§#≈≈.##
#≈≈§#≈≈≈#§≈≈.###
#.§§§≈≈≈#§≈.≈§≈###### .
#....≈≈≈§§≈≈.§≈§≈~~~≈
...##......≈≈≈.≈§≈§≈§~~≈
#..###..........≈≈§§~~≈
###...#####........~...~
...!...@..######~~.~.~.~
b......##......######.##
....... ######..........
....S.. ####......#
....... #.+++''# .......
#.+++++. .......
#.''_''. ......!
#.+++++. #.+++++.


You could see a bat (wandering) and a ball python.

Vanquished Creatures
  A dart slug (D:1)
1 creature vanquished.

Notes
Turn   | Place    | Note
-------+----------+-------------------------------------------
     0 | D:1      | ChrisAssaf the Gnoll Artificer began the quest for the Orb.
     0 | D:1      | Reached XP level 1. HP: 17/17 MP: 1/1
   164 | D:1      | Found a faded altar of an unknown god.
   167 | D:1      | Prayed at the altar of an unknown god.
   167 | D:1      | Became a worshipper of Warmaster Okawaru
   167 | D:1      | Reached * piety under Okawaru
   186 | D:1      | Quit the game

Illustrated notes

Levels and vault maps discovered:
D:1:      dpeg_arrival_water_fire, layout_basic,
          hellmonk_ecumenical_altar_heavens_door

Action                     || total
---------------------------++-------
  Melee: Club              ||     7
 Armour: Leather armour    ||     2
  Dodge: Dodged            ||     5
